 Dungeon Crawl Stone Soup version 0.30-a0-360-g447f08457e (webtiles) character file.

Game seed: 9226674446117118185

29 lesbiats the Shield-Bearer (level 3, 0/36 HPs)
             Began as a Troll Fighter on Nov 14, 2022.
             Slain by a goblin
             ... wielding a +2 dagger of venom
             ... led by Robin
              (8 damage)
             ... on level 2 of the Dungeon.
             The game lasted 00:02:17 (1041 turns).

lesbiats the Shield-Bearer (Troll Fighter)          Turns: 1041, Time: 00:02:17

Health: 0/36       AC:  4    Str: 24    XL:     3   Next: 1%
Magic:  2/2        EV:  8    Int:  6    God:
Gold:   45         SH:  7    Dex:  9    Spells: 2/2 levels left

rFire   . . .      SeeInvis .      - Unarmed
rCold   . . .      Faith    .    b - +0 kite shield
rNeg    . . .      Spirit   .    a - +0 robe
rPois   .          Reflect  .    (helmet restricted)
rElec   .          Harm     .    (no cloak)
rCorr   .          Rampage  .    (gloves unavailable)
Will    .....                    (boots unavailable)
Stlth   +.........               (no amulet)
HPRegen 1.06/turn                (no ring)
MPRegen 0.08/turn                (no ring)

@: lethally poisoned (0 -> -3)
A: large, unfitting armour, claws 3, regeneration 1, shaggy fur 1, tough skin 1
a: no special abilities


You were on level 2 of the Dungeon.
You visited 1 branch of the dungeon, and saw 2 of its levels.

You collected 45 gold pieces.

Inventory:

Armour
 a - a +0 robe (worn)
 b - a +0 kite shield (worn)
Scrolls
 d - a scroll of amnesia {unknown}
 e - a scroll of fear {unknown}
 g - a scroll of poison {unknown}
 h - 3 scrolls of identify {unknown}
Potions
 c - a potion of might
 f - a potion of mutation {unknown}


   Skills:
 + Level 2.6 Fighting
 - Level 2.4 Dodging
 + Level 3.0 Shields
 * Level 2.9 Unarmed Combat


You had 2 spell levels left.
You didn't know any spells.
Your spell library was empty.

Dungeon Overview and Level Annotations

Branches:
Dungeon (2/15)

Altars:

Annotations:
D:2 Robin


Innate Abilities, Weirdness & Mutations

You are too large for most types of armour.
You have claws for hands.
Your natural rate of healing is unusually fast.
You are covered in fur. (AC +1)
You have tough skin. (AC +1)


Message History

A goblin comes into view. It is wielding a +2 dagger of venom.
You scratch the goblin.
You kill the goblin!
You claw the goblin!
You kill the goblin!
A hobgoblin comes into view.
The hobgoblin shouts!
You claw the goblin!
You kill the goblin!
A goblin comes into view. It is wielding a +0 dagger.
The goblin shoots a sling bullet.
You block the sling bullet.
You have reached level 3!
Your experience leads to an increase in your attributes!
Increase (S)trength, (I)ntelligence, or (D)exterity?
You feel clever. x2; You feel stronger. Robin throws the goblin at you!
The goblin hits you with a +2 dagger of venom.
You are poisoned.
The goblin shoots a sling bullet.
The sling bullet hits you.
You see here a +0 dagger.
You miss the goblin.
You feel sick.
The goblin no longer looks unusually strong.
The goblin hits you but does no damage.
You are more poisoned.
The goblin shoots a sling bullet.
You block the sling bullet.
You closely miss the goblin.
You feel very sick.
The hobgoblin no longer looks unusually strong.
You block the goblin's attack.
The goblin shoots a sling bullet.
You block the sling bullet.
You closely miss the goblin.
You feel very sick.
The hobgoblin no longer looks unusually strong.
The goblin no longer looks unusually strong.
Robin roars a battlecry!
The goblins go into a battle-frenzy!
The goblin closely misses you.
The goblin shoots a sling bullet.
You block the sling bullet.
The goblin hits you with a +2 dagger of venom!
You die...

#. ##..# #. ##.#
#. #.# #.# ##.#
#... ##.## #
#..###.##
####.#### #...##
#........
##.######g##g...
#.g@.)ggggg.....
#######g########
#(# #.# #.# #.#
#.# #.#


You could see Robin, 2 hobgoblins and 5 goblins.

Vanquished Creatures
  A dart slug (D:1)
  2 ball pythons (D:1)
  An endoplasm (D:1)
  4 goblins (D:2)
  A hobgoblin (D:1)
  5 kobolds (D:1)
  2 quokkas
  2 bats (D:1)
  4 frilled lizards (D:1)
  4 rats (D:1)
26 creatures vanquished.

Vanquished Creatures (others)
  2 plants (D:1)
2 creatures vanquished.

Grand Total: 28 creatures vanquished

Notes
Turn   | Place    | Note
-------+----------+-------------------------------------------
     0 | D:1      | lesbiats the Troll Fighter began the quest for the Orb.
     0 | D:1      | Reached XP level 1. HP: 22/22 MP: 0/0
   330 | D:1      | Reached XP level 2. HP: 27/29 MP: 1/1
  1005 | D:2      | Reached skill level 3 in Shields
  1022 | D:2      | Noticed Robin
  1038 | D:2      | Reached XP level 3. HP: 24/36 MP: 2/2
  1041 | D:2      | Slain by a goblin

Illustrated notes

Levels and vault maps discovered:
D:1:      mushboom_english_gardens, layout_loops_corners, serial_forest,
          infiniplex_forest_straight_4, infiniplex_forest_end_2,
          infiniplex_forest_lined_3_way, infiniplex_forest_lined_room_3,
          infiniplex_forest_clump_tiny, infiniplex_forest_straight_4,
          infiniplex_forest_clump_small
D:2:      layout_loops_ring, grunt_ministairs_3, corexii_corridor_pit,
          uniq_robin

Skill      XL: |  1  2 |
---------------+-------+-----
Shields        | 3 |  3.0
Fighting       | |  2.6
Dodging        | |  2.4
Unarmed Combat | |  2.9

Action                   || total
-------------------------++-------
Melee: Unarmed           ||    78
Armor: Robe              ||    16
Dodge: Dodged            ||    15
Block: Kite shield       ||    25

Table legend: (Time is in decaauts)
 A = Elapsed time spent in this place.
 B = Non-inter-level travel time spent in this place.
 C = Inter-level travel time spent in this place.
 D = Time resting spent in this place.
 E = Time spent auto-exploring this place.
 F = Levels seen in this place.
 G = Mean time per level.
                   A        B        C        D        E       F      G
               +--------+--------+--------+--------+--------+-----+--------+
         Total |   1047 |   1014 |     33 |      0 |    822 |   2 |  523.5 |
       Dungeon |   1047 |   1014 |     33 |      0 |    822 |   2 |  523.5 |
               +--------+--------+--------+--------+--------+-----+--------+

Top non-repeatable levels by time:
     D:1: 1007 daAuts
     D:2: 39 daAuts
